 Dungeon Crawl Stone Soup version 0.27-a0-1193-g8631133539 (webtiles) character file.

Game seed: 18211921240846686932

100 Ijustatesigmund the Chopper (level 4, -9/41 HPs)
             Began as a Hill Orc Fighter on May 25, 2021.
             Mangled by an ogre
             ... wielding a +0 giant spiked club
              (20 damage)
             ... on level 3 of the Dungeon.
             The game lasted 00:02:42 (2518 turns).

Ijustatesigmund the Chopper (Hill Orc Fighter)      Turns: 2518, Time: 00:02:42

Health: -9/41      AC:  6    Str: 18    XL:     4   Next: 74%
Magic:  4/4        EV:  7    Int:  8    God:
Gold:   64         SH:  9    Dex: 11    Spells: 3/3 levels left

rFire    . . .     SeeInvis .   a - +0 war axe
rCold    . . .     Faith    .   c - +0 kite shield
rNeg     . . .     Spirit   .   b - +0 scale mail
rPois    .         Reflect  .   (no helmet)
rElec    .         Harm     .   (no cloak)
rCorr    .         Rampage  .   (no gloves)
Will     .....                  (no boots)
Stlth    ..........             (no amulet)
HPRegen  0.13/turn              (no ring)
MPRegen  0.09/turn              (no ring)

@: mighty
A: no striking features
a: no special abilities


You were on level 3 of the Dungeon.
You visited 1 branch of the dungeon, and saw 3 of its levels.

You collected 64 gold pieces.

Inventory:

Hand Weapons
 a - a +0 war axe (weapon)
Armour
 b - a +0 scale mail (worn)
 c - a +0 kite shield (worn)
Jewellery
 g - a ring of magical power
Scrolls
 f - 2 scrolls of teleportation
 j - a scroll of identify
 k - a scroll of blinking {unknown}
Potions
 d - 2 potions of might
 e - a potion of berserk rage {unknown}
 h - a potion of lignification {unknown}
 i - 2 potions of attraction


   Skills:
 + Level 4.7 Fighting
 + Level 5.1 Axes
 + Level 3.5 Armour
 - Level 3.2 Shields


You had 3 spell levels left.
You didn't know any spells.
Your spell library was empty.

Dungeon Overview and Level Annotations

Branches:
Dungeon (3/15)

Altars:


Message History

The orc shouts!
You closely miss the orc. You block the orc's attack.
The orc barely misses you.
An orc wizard comes into view. It is wielding a +0 dagger.
The orc hits you with a +0 short sword.
The orc wizard shouts!
You hit the orc.
The orc is heavily wounded.
You hear a shout!
You block the orc's attack. The orc hits you with a +0 short sword.
The orc hits you from afar with a +0 trident.
You closely miss the orc.
The orc is heavily wounded.
The orc hits you but does no damage.
The orc wizard gestures at itself while chanting.
The orc wizard flickers and vanishes!
Deactivating autopickup; reactivate with Ctrl-A.
An ogre comes into view. It is wielding a +0 giant spiked club.
The orc hits you from afar with a +0 trident.
The orc hits you but does no damage.
You feel very mighty all of a sudden. The orc barely misses you.
You slash the orc!
You kill the orc!
Something hits you.
You slice something!!
Reactivating autopickup.
You feel a bit more experienced.
You slash the orc!
You kill the orc!
You slice the ogre!!
The ogre is almost dead.
The ogre hits you with a +0 giant spiked club!!
* * * LOW HITPOINT WARNING * * *
You barely miss the ogre.
The ogre is almost dead.
The ogre closely misses you.
You barely miss the ogre.
The ogre is almost dead.
The ogre hits you with a +0 giant spiked club!!
You die...

.....
##### #.
#.# .. #.#
..# ..
#..#
#.##..#
#)O#..#
#@#..#
#.#..#
#....#
##...#####
#.......#
##......#
#......#
#......###
#.........


You could see an ogre.

Vanquished Creatures
  An orc wizard (D:3)
  A hound skeleton (D:2)
  2 adders (D:2)
  A worm (D:2)
  3 orcs (D:3)
  5 ball pythons
  2 endoplasms
  2 giant cockroaches
  4 goblins
  6 hobgoblins
  2 jackals (D:3)
  3 quokkas
  A bat (D:2)
  2 frilled lizards (D:2)
  2 kobolds
  4 rats
41 creatures vanquished.

Notes
Turn   | Place    | Note
-------+----------+-------------------------------------------
     0 | D:1      | Ijustatesigmund the Hill Orc Fighter began the quest for
                  | the Orb.
     0 | D:1      | Reached XP level 1. HP: 19/19 MP: 1/1
   162 | D:1      | Reached skill level 3 in Axes
   429 | D:1      | Reached XP level 2. HP: 27/27 MP: 2/2
   735 | D:1      | Found a faded altar of an unknown god.
  1402 | D:2      | Reached skill level 4 in Axes
  1402 | D:2      | Reached XP level 3. HP: 33/33 MP: 3/3
  1969 | D:2      | Reached XP level 4. HP: 40/41 MP: 4/4
  2458 | D:3      | Reached skill level 5 in Axes
  2510 | D:3      | Noticed an ogre
  2518 | D:3      | Mangled by an ogre

Illustrated notes

Levels and vault maps discovered:
D:1:      matt_arrival_spirals, layout_basic, serial_forest,
          infiniplex_forest_lined_2, infiniplex_forest_straight_2,
          infiniplex_forest_corner_1, infiniplex_forest_lined_3,
          infiniplex_forest_clump_C, infiniplex_forest_split,
          ebering_ecumenical_altar_mist, minmay_stone_trees_small
D:2:      layout_basic, minmay_misc_feat_tiny, minmay_tetromino_s4
D:3:      layout_basic

Skill      XL: |  1  2  3  4 |
---------------+-------------+-----
Axes           | 3 4 5 |  5.1
Fighting       | 4 |  4.7
Armour         | |  3.5
Shields        | |  3.2

Action                   |  1- 3 |  4- 6 || total
-------------------------+-------+-------++-------
Melee: War axe           |    69 |    29 ||    98
  Use: Scroll            |     5 |       ||     5
       Potion            |       |     1 ||     1
Armor: Scale mail        |    30 |    12 ||    42
Dodge: Dodged            |    16 |     7 ||    23
Block: Kite shield       |    24 |    12 ||    36

Table legend: (Time is in decaauts)
 A = Elapsed time spent in this place.
 B = Non-inter-level travel time spent in this place.
 C = Inter-level travel time spent in this place.
 D = Time resting spent in this place.
 E = Time spent auto-exploring this place.
 F = Levels seen in this place.
 G = Mean time per level.
                   A        B        C        D        E       F      G
               +--------+--------+--------+--------+--------+-----+--------+
         Total |   2568 |   2505 |     63 |      4 |   2232 |   3 |  856.0 |
       Dungeon |   2568 |   2505 |     63 |      4 |   2232 |   3 |  856.0 |
               +--------+--------+--------+--------+--------+-----+--------+

Top non-repeatable levels by time:
     D:1: 1368 daAuts
     D:2: 914 daAuts
     D:3: 286 daAuts
